 Dungeon Crawl Stone Soup version 0.21.1-1-g345015f (webtiles) character file.

16701 rlgrobin the Fighter (level 12, -11/66 HPs)
             Began as a Vine Stalker Fighter on Feb 10, 2018.
             Was a High Priest of Makhleb.
             Killed by divine providence
             ... invoked by an orc priest
              (12 damage)
             ... on level 2 of the Orcish Mines.
             The game lasted 00:36:33 (10571 turns).

rlgrobin the Fighter (Vine Stalker Fighter)        Turns: 10571, Time: 00:36:35

Health: -11/66     AC: 22    Str: 31    XL:     12   Next: 40%
Magic:  0/26       EV:  8    Int: 10    God:    Makhleb [*****.]
Gold:   664        SH: 11    Dex: 21    Spells: 11/11 levels left

rFire    . . .     SeeInvis .   C - +0 broad axe
rCold    . . .     Gourm    .   e - +1 buckler
rNeg     . . .     Faith    .   I - +8 plate armour of Tartarus {-Tele rElec rC+}
rPois    .         Spirit   +   A - -3 helmet of Loss {rC- Str+5 Dex+4 Stlth+} (curse)
rElec    +         Reflect  +   (no cloak)
rCorr    .         Harm     .   d - +1 pair of gloves {archery}
MR       +....     NoTele   +   (no boots)
Stlth    ..........             m - +3 amulet of reflection
HPRegen  1.01/turn              h - ring of magical power
MPRegen  0.20/turn              n - +3 ring of strength

@: very slightly contaminated, invisible
A: fangs 3, agile 1, clever 1, regeneration 2, wild magic 1, magic shield,
antimagic bite, no potion heal 3, rot immunity
a: Minor Destruction, Lesser Servant of Makhleb, Major Destruction, Greater
Servant of Makhleb, Renounce Religion


You were on level 2 of the Orcish Mines.
You worshipped Makhleb.
Makhleb was extremely pleased with you.
You were not hungry.

You visited 3 branches of the dungeon, and saw 15 of its levels.

You collected 1308 gold pieces.
You spent 644 gold pieces at shops.


Innate Abilities, Weirdness & Mutations

You have razor-sharp teeth.
You heal very quickly.
When hurt, damage is shared between your health and your magic reserves.
Your bite disrupts and absorbs the magic of your enemies.
Potions cannot restore your health.
You are immune to rotting.
You are agile. (Dex +2)
Your mind is acute. (Int +2)
Your spells are a little harder to cast, but a little more powerful.


   Skills:
 + Level 9.2 Fighting
 + Level 9.0 Axes
 + Level 8.4 Armour
 + Level 9.2 Shields
 + Level 6.2 Invocations


You had 11 spell levels left.
You didn't know any spells.

Inventory:

Hand Weapons
 a - a +1 war axe
 C - a +0 broad axe (weapon)
 E - the +7 falchion "Tudaap" {flame, *Drain rElec rC++ Int+8}

   It has been specially enchanted to burn those struck by it, causing extra
   injury to most foes and up to half again as much damage against particularly
   susceptible opponents.
   Big, fiery blades are also staple armaments of hydra-hunters.
   It affects your intelligence (+8).
   It greatly protects you from cold.
   It insulates you from electricity.
   It causes draining when unequipped.
Armour
 b - a +0 scale mail
 c - a +0 shield
 d - a +1 pair of gloves of archery (worn)
 e - a +1 buckler (worn)
 l - a +0 helmet
 q - a +1 hat
 r - a +0 plate armour
 v - the +0 scale mail of Boatee {Dex+3}

   It affects your dexterity (+3).
 x - a +0 cloak
 A - the cursed -3 helmet of Loss (worn) {rC- Str+5 Dex+4 Stlth+}

   It affects your strength (+5).
   It affects your dexterity (+4).
   It makes you vulnerable to cold.
   It makes you more stealthy.
   It has a curse placed upon it.
 B - a +0 cloak
 I - the +8 plate armour of Tartarus (worn) {-Tele rElec rC+}

   It protects you from cold.
   It insulates you from electricity.
   It prevents most forms of teleportation.
Jewellery
 h - a ring of magical power (left hand)
 m - a +3 amulet of reflection (around neck)
 n - a +3 ring of strength (right hand)
 K - an uncursed ring of ice
Scrolls
 g - 4 scrolls of amnesia
 j - 2 scrolls of immolation {!r}
 s - 3 scrolls of teleportation {@r4}
 t - 6 scrolls of remove curse
 u - 2 scrolls of enchant armour
 w - a scroll of blinking
 y - 3 scrolls of fear
 F - a scroll of enchant weapon
 G - a scroll of fog
 L - a scroll of identify {@r1}
Potions
 i - 2 potions of flight
 o - 10 potions of curing {@q1}
 p - 7 potions of heal wounds {@q2}
 z - a potion of lignification {!q}
 H - 2 potions of brilliance
Miscellaneous
 D - a sack of spiders
Comestibles
 f - 20 rations
 J - 6 chunks of flesh

Dungeon Overview and Level Annotations

Branches:
Dungeon (12/15)            Temple (1/1) D:7            Lair (0/6) D:11
    Orc (2/2) D:9             Elf (0/3) Orc:2

Altars:
Elyvilon
Fedhas
Hepliaklqana
Kikubaaqudgha
Makhleb
Nemelex Xobeh
Trog
Uskayaw
Wu Jian
Xom
Beogh

Shops:
D:10

[
.......................▒
o......................▒
.......................▒
..o.....................
........................
....£......5..▒)))...▒
...........3..▒55...▒▒
▒▒▒▒.o)▒▒▒▒▒▒▒.....▒ ▒


▒.ooofo.▒ ▒▒▒▒..▒▒▒▒ ▒..▒ooo▒oo▒ ▒...▒.. ▒..oooo..o▒ ▒▒..... ▒..o▒oo.▒o..▒
▒..... ▒....oooo...▒ ▒▒..▒▒▒ ....▒..o▒ ... ▒....▒▒ ..o...... ...▒ ▒▒....▒.
...▒...▒ ..▒ ▒....▒.. ▒▒...... You could see an orc knight, an orc high priest,
9 orc warriors, 11 orc priests and 5 orcs.


Message History

The orc priest mumbles some strange prayers to Beogh against the orc warrior!
The orc warrior struggles to resist!
The orc priest calls down the wrath of Beogh upon you!
Pain shoots through your body!!! * * * don't die
* * * You block the orc warrior's attack!
You take 6 damage, and have 20/66 hp!
You now have 7/26 mp!
You carve the orc like a ham!!!!!!
You annihilate the orc!!!
Makhleb roars: ANNIHILATED!
You feel better!
You barely miss the orc warrior!
You strike the helpless orc warrior from behind!!!
You slice the orc warrior like a ripe choko!!!!!!
You catch the helpless orc warrior completely off-guard!!!
You carve the orc warrior but do no damage!
The orc priest mumbles some strange prayers to Beogh against you!
Beogh smites you!!! * * * don't die
* * * You block the orc warrior's attack!
The orc priest mumbles some strange prayers to Beogh against you!
Beogh smites you!!! * * * don't die
* * * The orc priest invokes the aid of Beogh against you!
The orc warrior writhes in agony!!!
The orc priest mumbles some strange prayers to Beogh against you!
The orc priest writhes in agony!!!
The orc warrior hits you but does no damage!
The orc priest invokes the aid of Beogh against you!
Beogh smites you!!! rip

Action                   |  1- 3 |  4- 6 |  7- 9 | 10-12 || total
-------------------------+-------+-------+-------+-------++-------
Melee: War axe           |   105 |   131 |   237 |   273 ||   746
       Bite              |    33 |    44 |    95 |   233 ||   405
       Broad axe         |       |       |       |   158 ||   158
       Falchion          |       |       |       |    31 ||    31
Invok: Minor Destruction |       |       |       |    24 ||    24
       Lesser Servant of |       |       |       |     1 ||     1
  Use: Scroll            |       |     7 |     5 |     6 ||    18
       Potion            |       |     3 |     1 |     4 ||     8
 Stab: Sleeping          |       |       |       |     6 ||     6
       Distracted        |       |       |       |     2 ||     2
       Invisible         |       |       |       |     4 ||     4
  Eat: Chunk             |     2 |     5 |     8 |    18 ||    33
Armor: Scale mail        |    45 |    52 |    50 |    89 ||   236
       Plate armour      |       |       |       |    96 ||    96
       Skin              |       |       |       |     3 ||     3
Dodge: Dodged            |    65 |    49 |    56 |   159 ||   329
Block: Buckler           |    33 |    58 |    94 |   275 ||   460
       Shield            |     3 |       |       |       ||     3
       Reflection        |       |     1 |     1 |    14 ||    16
       Rpst.: Falchion   |       |       |       |     7 ||     7

Vault maps used:
D:1:      evilmike_arrival_run_for_it, serial_curves, eino_curves_04,
          eino_curves_02
D:2:      minivault_5, corexii_leaking_fountain, minmay_domino_4
D:4:      grunt_temple_overflow_open, first_ration, kennysheep_generic_room_13,
          uniq_pikel
D:5:      nemelex_spade_bored_becter
D:6:      uniq_crazy_yiuf_cottage, uniq_edmund, uniq_prince_ribbit1
D:7:      nicolae_overflow_hidden_temple, minmay_temple_entry_mist, st_stairs_13
D:9:      zombieorc2_lemuel, the_bakery, fedhas_altar_3
D:10:     serial_shops, shop
D:11:     lair_entry_dummy
Temple:   nicolae_temple_figure_eight
Orc:1:    uniq_erolcha, uniq_maurice
Orc:2:    st_orc_pillars, basic_altar

Notes
Turn   | Place    | Note
-------+----------+-------------------------------------------
     0 | D:1      | rlgrobin the Vine Stalker Fighter began the quest for the Orb.
     0 | D:1      | Reached XP level 1. HP: 11/11 MP: 2/2
    68 | D:1      | You fall through a shaft!
   131 | D:2      | Reached skill level 2 in Axes
   131 | D:2      | Reached XP level 2. HP: 3/16 MP: 3/3
   454 | D:2      | Reached skill level 3 in Fighting
   454 | D:2      | Reached skill level 3 in Shields
   456 | D:2      | Reached XP level 3. HP: 19/20 MP: 4/4
  1375 | D:1      | Gained mutation: Your natural rate of healing is unusually fast. [Vine Stalker growth]
  1375 | D:1      | Reached XP level 4. HP: 23/24 MP: 5/5
  2143 | D:3      | Reached skill level 3 in Armour
  2216 | D:3      | Reached XP level 5. HP: 21/28 MP: 6/6
  2231 | D:3      | Reached skill level 3 in Axes
  2347 | D:3      | Reached XP level 6. HP: 31/33 MP: 2/7
  2754 | D:3      | Gained mutation: Your spells are a little harder to cast, but a little more powerful. [potion of mutation]
  2754 | D:3      | Gained mutation: You have large cloven feet. [potion of mutation]
  2754 | D:3      | Gained mutation: You have hoof-like feet. [potion of mutation]
  2755 | D:3      | Lost mutation: You have hoof-like feet. [potion of mutation]
  2755 | D:3      | Lost mutation: You have large cloven feet. [potion of mutation]
  2755 | D:3      | Gained mutation: You are agile. (Dex +2) [potion of mutation]
  2755 | D:3      | Gained mutation: Your mind is acute. (Int +2) [potion of mutation]
  2966 | D:4      | Reached skill level 4 in Fighting
  2997 | D:4      | Noticed PeterLawrence's ghost (novice MiFi)
  3009 | D:4      | Killed PeterLawrence's ghost
  3009 | D:4      | Reached skill level 4 in Armour
  3009 | D:4      | Reached skill level 4 in Shields
  3009 | D:4      | Reached XP level 7. HP: 21/38 MP: 3/8
  3078 | D:4      | Reached skill level 4 in Axes
  3091 | D:4      | You fall through a shaft!
  3091 | D:5      | Entered Level 5 of the Dungeon
  3159 | D:5      | Found a sparkling altar of Nemelex Xobeh.
  3196 | D:5      | Gained mutation: You have razor-sharp teeth. [Vine Stalker growth]
  3196 | D:5      | Reached XP level 8. HP: 26/42 MP: 4/9
  3285 | D:4      | Reached skill level 5 in Fighting
  3290 | D:4      | Reached skill level 5 in Shields
  3379 | D:4      | Found a hazy altar of Hepliaklqana.
  3379 | D:4      | Found a bloodstained altar of Trog.
  3379 | D:4      | Found a hide-covered altar of Uskayaw.
  3379 | D:4      | Found a white marble altar of Elyvilon.
  3379 | D:4      | Found an ancient bone altar of Kikubaaqudgha.
  3379 | D:4      | Found a shimmering altar of Xom.
  3536 | D:4      | Noticed Pikel
  3547 | D:4      | Killed Pikel
  3547 | D:4      | Reached skill level 5 in Axes
  3547 | D:4      | Reached skill level 5 in Armour
  3659 | D:4      | Reached XP level 9. HP: 26/48 MP: 10/10
  4068 | D:5      | Reached skill level 6 in Fighting
  4182 | D:5      | Reached skill level 6 in Shields
  4531 | D:6      | Got a fine scale mail
  4542 | D:6      | Identified the +0 scale mail of Boatee {Dex+3} (You found it on level 6 of the Dungeon)
  4652 | D:6      | Noticed Edmund
  4657 | D:6      | Killed Edmund
  4657 | D:6      | Reached skill level 6 in Axes
  4925 | D:6      | Noticed SaintRoka's ghost (novice NaAE)
  4926 | D:6      | Noticed Prince Ribbit
  4941 | D:6      | Killed SaintRoka's ghost
  4941 | D:6      | Reached skill level 6 in Armour
  4944 | D:6      | Killed Prince Ribbit
  5033 | D:6      | Found a runed door.
  5415 | D:6      | Noticed Crazy Yiuf
  5421 | D:6      | Killed Crazy Yiuf
  5607 | D:7      | Reached XP level 10. HP: 44/53 MP: 11/11
  5724 | D:7      | Identified a scroll of acquirement
  5932 | D:7      | Reached skill level 7 in Fighting
  5932 | D:7      | Reached skill level 7 in Shields
  5994 | D:7      | Got a transparent helmet
  6005 | D:7      | Identified the cursed -3 helmet of Loss {rC- Str+5 Dex+4 Stlth+} (You found it on level 7 of the Dungeon)
  6186 | D:7      | Found a staircase to the Ecumenical Temple.
  6361 | Temple   | Entered the Ecumenical Temple
  6408 | Temple   | Became a worshipper of Makhleb the Destroyer
  6697 | D:8      | Noticed a deep elf mage
  6709 | D:8      | Killed a deep elf mage
  6709 | D:8      | Reached skill level 7 in Axes
  6709 | D:8      | Reached skill level 1 in Invocations
  6904 | D:8      | Reached skill level 2 in Invocations
  6992 | D:8      | Reached * piety under Makhleb
  7327 | D:9      | Found a blossoming altar of Fedhas.
  7522 | D:9      | Found a staircase to the Orcish Mines.
  7572 | D:9      | Reached ** piety under Makhleb
  7572 | D:9      | Reached skill level 7 in Armour
  7580 | D:9      | Reached skill level 3 in Invocations
  7859 | D:9      | Noticed a two-headed ogre
  7870 | D:9      | Killed a two-headed ogre
  7870 | D:9      | Reached XP level 11. HP: 37/60 MP: 14/14
  7947 | D:9      | Reached skill level 8 in Fighting
  8059 | D:10     | Entered Level 10 of the Dungeon
  8068 | D:9      | Reached skill level 8 in Shields
  8169 | D:9      | Got a crude falchion
  8170 | D:9      | Identified the +7 falchion "Tudaap" {flame, *Drain rElec rC++ Int+8} (You found it on level 9 of the Dungeon)
  8175 | Orc:1    | Entered Level 1 of the Orcish Mines
  8245 | Orc:1    | Noticed an orc sorcerer
  8248 | D:9      | Reached skill level 4 in Invocations
  8250 | D:9      | Reached *** piety under Makhleb
  8489 | D:10     | Found Mofaimae's Antique Armour Emporium.
  8524 | D:10     | Reached skill level 8 in Axes
  8596 | D:10     | Noticed a two-headed ogre
  8607 | D:10     | Killed a two-headed ogre
  8689 | D:10     | Noticed a two-headed ogre
  8696 | D:10     | Killed a two-headed ogre
  8897 | D:10     | Bought a crude plate armour for 644 gold pieces
  8909 | D:10     | Identified the +8 plate armour of Tartarus {-Tele rElec rC+} (You bought it in a shop on level 10 of the Dungeon)
  9195 | D:11     | Reached **** piety under Makhleb
  9286 | D:11     | Found a staircase to the Lair.
  9363 | D:11     | Reached skill level 5 in Invocations
  9439 | D:11     | Reached skill level 8 in Armour
  9817 | D:12     | Noticed a cyclops
 10018 | Orc:1    | Gained mutation: You heal very quickly. [Vine Stalker growth]
 10018 | Orc:1    | Reached XP level 12. HP: 65/65 MP: 17/17
 10040 | Orc:1    | Reached skill level 9 in Fighting
 10045 | Orc:1    | Reached skill level 9 in Shields
 10079 | Orc:1    | Noticed Maurice
 10083 | Orc:1    | Noticed Erolcha
 10090 | Orc:1    | Killed Erolcha
 10108 | Orc:1    | Killed Maurice
 10108 | Orc:1    | Reached skill level 6 in Invocations
 10372 | Orc:2    | Entered Level 2 of the Orcish Mines
 10446 | Orc:2    | Reached skill level 9 in Axes
 10506 | Orc:2    | Found a roughly hewn altar of Beogh.
 10553 | Orc:2    | Found a staircase to the Elven Halls.
 10565 | Orc:2    | Reached ***** piety under Makhleb
 10567 | Orc:2    | Noticed an orc high priest
 10571 | Orc:2    | HP: 1/66 [orc priest/divine providence (10)]
 10571 | Orc:2    | Killed from afar by an orc priest

Vanquished Creatures
  Erolcha (Orc:1)
  3 two-headed ogres
  Pikel (D:4)
  2 orc knights (Orc:1)
  2 orc sorcerers
  A deep elf mage (D:8)
  Maurice (Orc:1)
  The ghost of PeterLawrence the Chopper, a novice MiFi (D:4)
  The ghost of SaintRoka the Gusty, a novice NaAE of Vehumet (D:6)
  A troll (Orc:2)
  Prince Ribbit (D:6)
  3 hippogriffs
  7 yaks (D:11)
  A spriggan (D:9)
  A hungry ghost (D:9)
  3 wraiths
  2 vampire mosquitoes (D:11)
  5 wargs
  Edmund (D:6)
  2 two-headed ogre zombies (D:9)
  A water moccasin (D:11)
  3 phantoms
  3 sky beasts
  11 orc warriors
  A slave (D:4)
  A hornet zombie (D:5)
  3 ice beasts
  A centaur (D:10)
  5 ogres
  4 big kobolds
  A crocodile (D:11)
  5 bullfrogs
  A gnoll sergeant (D:9)
  A troll zombie (D:9)
  A wyvern skeleton (D:11)
  4 scorpions
  3 wights (D:10)
  8 killer bees
  3 howler monkeys
  2 crimson imps
  2 centaur zombies
  Crazy Yiuf (D:6)
  2 bullfrog zombies
  3 hounds
  2 centaur skeletons
  2 jellies
  12 orc wizards
  2 bullfrog skeletons
  13 orc priests
  A gnoll shaman (D:6)
  6 iguanas
  9 worker ants
  5 ogre zombies (D:9)
  A hound skeleton (D:9)
  4 worker ant zombies (D:11)
  14 gnolls
  2 howler monkey skeletons (D:7)
  15 adders
  2 shadow imps (D:11)
  6 worms
  5 dart slugs
  9 leopard geckos
  60 orcs
  3 ball pythons
  5 giant cockroaches
  6 goblins
  2 hobgoblins
  10 jackals
  24 kobolds
  6 quokkas
  6 bats
  7 frilled lizards
  3 goblin zombies (D:9)
  3 hobgoblin skeletons (D:9)
  5 hobgoblin zombies (D:9)
  A leopard gecko skeleton (D:4)
  A leopard gecko zombie (D:5)
  2 orc skeletons (D:9)
  12 orc zombies (D:9)
  8 rats
384 creatures vanquished.

Vanquished Creatures (collateral kills)
  An orc priest (Orc:2)
  2 orcs (Orc:2)
3 creatures vanquished.

Vanquished Creatures (others)
  A centaur (D:12)
  An orc priest (Orc:2)
  An orc wizard (D:10)
  A kobold (D:8)
4 creatures vanquished.

Grand Total: 391 creatures vanquished
